 Dungeon Crawl Stone Soup version 0.16-a0-1784-gf5591c9 (webtiles) character file.

85 timbw the Conjurer (level 4, 0/24 HPs)
             Began as a Tengu Conjurer on Nov 1, 2014.
             Was an Initiate of Sif Muna.
             Slain by a quokka (1 damage)
             ... on level 6 of the Dungeon.
             The game lasted 00:06:15 (857 turns).

timbw the Conjurer (Tengu Conjurer)                  Turns: 857, Time: 00:06:15

Health: 0/24       AC:  2    Str:  9    XL:     4   Next: 48%
Magic:  3/10       EV: 12    Int: 16    God:    Sif Muna [......]
Gold:   86         SH:  0    Dex: 14    Spells: 2 memorised, 4 levels left

rFire  . . .     SeeInvis .     j - +0 spear
rCold  . . .     Clarity  .     a - +0 robe
rNeg   . . .     SustAb   .     (no shield)
rPois  .         Gourm    .     (helmet restricted)
rElec  .         Spirit   .     (no cloak)
rCorr  .         Warding  .     (no gloves)
rMut   .         Stasis   .     (boots unavailable)
MR     .....                    (no amulet)
Stlth  ++........               (no ring)
                                (no ring)

@: very slightly contaminated, not resistant to hostile enchantments, unstealthy
A: beak, talons 3
a: Renounce Religion


You were on level 6 of the Dungeon.
You worshipped Sif Muna.
Sif Muna was noncommittal.
You were very hungry.

You visited 1 branch of the dungeon, and saw 6 of its levels.

You collected 86 gold pieces.

Inventory:

Hand weapons
 h - a +0 dagger
 j - a +0 spear (weapon)
Armour
 a - a +0 robe (worn)
Scrolls
 e - a scroll of immolation
 f - 2 scrolls of remove curse
Potions
 d - a potion of lignification
 k - a potion of restore abilities
Books
 c - a book of Conjurations

   Spells                             Type                      Level
   *Magic Dart                        Conjuration                  1
   Searing Ray                        Conjuration                  2
   Dazzling Spray                     Conjuration/Hexes            3
   Fulminant Prism                    Conjuration/Hexes            4
   *Iskenderun's Mystic Blast         Conjuration                  4
   Iskenderun's Battlesphere          Conjuration/Charms           5
Comestibles
 b - a bread ration


   Skills:
 - Level 2.1 Dodging
 - Level 2.0 Stealth
 + Level 3.4 Spellcasting
 + Level 6.4 Conjurations


You had 4 spell levels left.
You knew the following spells:

 Your Spells              Type           Power        Failure   Level  Hunger
a - Magic Dart            Conj           ###.         1%          1    None
b - Iskenderun's Mystic   Conj           ###.....     14%         4    ####...


Dungeon Overview and Level Annotations

Branches:
Dungeon (6/15)
 Temple: D:4-7

Altars:
Okawaru
Qazlal
Sif Muna
Xom
Zin


Innate Abilities, Weirdness & Mutations

You have a beak for a mouth.
You have claws for feet.


Message History

A kobold comes into view.
The centaur zombie barely misses you. The quokka barely misses you.
The centaur zombie barely misses you. The quokka closely misses you.
The centaur zombie misses you. The centaur zombie hits you.
* * * LOW HITPOINT WARNING * * *
The quokka bites you.
* * * LOW HITPOINT WARNING * * *
Read which item? (? for menu, Esc to quit)
Okay, then.
Drink which item? (? for menu, Esc to quit)
You feel refreshed.
It was a potion of restore abilities.
The quokka bites you.
* * * LOW HITPOINT WARNING * * *
Drink which item? (? for menu, Esc to quit)
Okay, then.
Drink which item? (? for menu, Esc to quit)
Okay, then.
You open the door. The quokka bites you.
You die...

. #.... #..... .
#.... .. ... #...#
..# $..( ##...##..##
. ..... #...........
#)..
+......#...........
#...
#......'@r....K....
'...
#......#..g.........
#... ...##
#..#Z##...##. #... #
####.##...##'##...
#.Zo............
#...=.......<...
#...?...........
#...............
#............(..


You could see a centaur zombie, a quokka, a hobgoblin and a kobold (sleeping).

Vanquished Creatures
  An orc wizard (D:5)
  2 adders (D:3)
  A shadow imp (D:5)
  2 orcs (D:4)
  4 goblins
  A hobgoblin (D:1)
  5 jackals
  5 kobolds
  A quokka (D:4)
  2 bats
  3 giant newts (D:3)
  A hobgoblin skeleton (D:6)
  A rat (D:3)
29 creatures vanquished.

Notes
Turn   | Place    | Note
--------------------------------------------------------------
     0 | D:1      | timbw, the Tengu Conjurer, began the quest for the Orb.
     0 | D:1      | Reached XP level 1. HP: 10/10 MP: 3/3
   142 | D:1      | Reached XP level 2. HP: 9/15 MP: 2/6
   295 | D:3      | Reached XP level 3. HP: 12/19 MP: 0/7
   352 | D:3      | Reached skill level 6 in Conjurations
   401 | D:3      | Found an iron altar of Okawaru.
   414 | D:3      | Found a shimmering altar of Xom.
   415 | D:3      | Noticed an angel
   417 | D:3      | Found a glowing silver altar of Zin.
   498 | D:4      | Found a stormy altar of Qazlal.
   537 | D:4      | Found a deep blue altar of Sif Muna.
   540 | D:4      | Became a worshipper of Sif Muna the Loreminder
   608 | D:5      | Entered Level 5 of the Dungeon
   681 | D:6      | Reached XP level 4. HP: 22/24 MP: 5/10
   695 | D:5      | Learned a level 4 spell: Iskenderun's Mystic Blast
   853 | D:6      | HP: 1/24 [quokka (2)]
   857 | D:6      | Slain by a quokka

Action                   |  1- 3 |  4- 6 || total
-------------------------+-------+-------++-------
Melee: Unarmed           |     9 |       ||     9
       Spear             |    34 |       ||    34
 Cast: Magic Dart        |    49 |    10 ||    59
       Iskenderun's Myst |       |     1 ||     1
  Use: Scroll            |     6 |       ||     6
       Potion            |     1 |     1 ||     2
